 Dungeon Crawl Stone Soup version 0.23.2-1-ga50397a6bc (webtiles) character file.

Game seed: 12964344606534988166

4890 Gargoyl the Chopper (level 10, -3/83 HPs)
             Began as a Centaur Abyssal Knight on May 21, 2019.
             Was a High Priest of Lugonu.
             Slain by a centaur warrior (13 damage)
             ... on level 8 of the Dungeon.
             The game lasted 00:14:05 (10136 turns).

Gargoyl the Chopper (Centaur Abyssal Knight)       Turns: 10136, Time: 00:14:05

Health: -3/83      AC: 11    Str: 17    XL:     10   Next: 26%
Magic:  15/15      EV:  9    Int: 11    God:    Lugonu [*****.]
Gold:   469        SH:  3    Dex: 12    Spells: 9/9 levels left

rFire    . . .     SeeInvis .   i - +2 war axe (elec)
rCold    . . .     Gourm    .   k - +0 buckler
rNeg     . . .     Faith    .   m - +1 ring mail
rPois    .         Spirit   .   A - +0 helmet (curse)
rElec    .         Reflect  .   j - +0 cloak
rCorr    .         Harm     .   (no gloves)
MR       .....                  (no barding)
Stlth    ..........             o - amulet of the acrobat
HPRegen  0.23/turn              e - +2 ring of dexterity
MPRegen  0.14/turn              f - +2 ring of protection

@: heavily drained, very quick
A: large, hooves 3, deformed body, speed 2, tough skin 3
a: Depart the Abyss, Bend Space, Banish, Corrupt, Enter the Abyss, Renounce
Religion


You were on level 8 of the Dungeon.
You worshipped Lugonu.
Lugonu was extremely pleased with you.
You were not hungry.

You visited 1 branch of the dungeon, and saw 8 of its levels.
You visited the Abyss 1 time.

You collected 469 gold pieces.

Inventory:

Hand Weapons
 i - a +2 war axe of electrocution (weapon)
 C - a cursed +4 hand axe
Missiles
 p - 6 poisoned tomahawks (quivered)
 B - 7 javelins of returning
Armour
 j - a +0 cloak (worn)
 k - a +0 buckler (worn)
 m - a +1 ring mail (worn)
 A - a cursed +0 helmet (worn)
Jewellery
 e - a +2 ring of dexterity (left hand)
 f - a +2 ring of protection (right hand)
 n - an uncursed ring of fire
 o - an amulet of the acrobat (around neck)
 q - an uncursed ring of see invisible
 v - an uncursed ring of flight
Wands
 u - a wand of flame (20)
 y - a wand of enslavement (7)
Scrolls
 d - 4 scrolls of remove curse
 g - 4 scrolls of teleportation
 l - a scroll of identify
 w - a scroll of fog
 x - a scroll of amnesia
Potions
 b - a potion of mutation {unknown}
 r - a potion of ambrosia
 s - 2 potions of haste
 t - a potion of brilliance
 z - a potion of flight {unknown}
Comestibles
 c - 19 rations


   Skills:
 + Level 5.9(4.5) Fighting
 + Level 7.8(6.4) Axes
 + Level 3.0(1.7) Throwing
 * Level 5.9(4.6) Armour
 * Level 4.3(3.0) Dodging
 + Level 0.4(0.0) Shields
 * Level 6.7(5.3) Invocations


You had 9 spell levels left.
You didn't know any spells.
Your spell library was empty.

Dungeon Overview and Level Annotations

Branches:
Dungeon (8/15)             Temple (0/1) D:7
   Lair: D:8-11

Altars:
Uskayaw

Shops:
D:5 %


Innate Abilities, Weirdness & Mutations

You have hooves in place of feet.
Armour fits poorly on your strangely shaped body.
You cover ground very quickly.
You have extremely tough skin. (AC +3)


Message History

The centaur warrior is moderately wounded.
The centaur warrior hits you!
* * * LOW HITPOINT WARNING * * *
Your shield prevents you from hitting the centaur warrior.
The centaur warrior is moderately wounded.
The centaur warrior hits you.
* * * LOW HITPOINT WARNING * * *
The centaur warrior hits you.
* * * LOW HITPOINT WARNING * * *
You hit the centaur warrior.
The centaur warrior is moderately wounded.
The centaur warrior hits you but does no damage.
The centaur warrior hits you.
* * * LOW HITPOINT WARNING * * *
You feel better. The centaur warrior closely misses you.
You hit the centaur warrior but do no damage.
Lightning courses through the centaur warrior!
The centaur warrior is severely wounded.
The centaur warrior hits you!
You die...

.................................
.....######## #..............[...
..ยง..# #..................
...>.# #.......<.......... .....#
#.....<...########. ###z##
#....(....##....... #.##
#...>?[.[.#........ #.z###
#.................. ##...#
#c@................
###z########..................
#......##...................
.....?......)....##.####.........
.#####.#####.###.##.#####........
...# #...##.................
#.#.. #..##.#.##.#..#.[.......
....%#..## ....#...##.........
..# #...# #.....###........#


You could see a centaur warrior.

Vanquished Creatures
  A human (D:7)
  4 hogs (D:7)
  A vampire mosquito (D:8)
  2 orc warriors (D:6)
  3 sky beasts
  A phantom (D:6)
  5 ogres
  3 ice beasts
  A necrophage (D:8)
  2 centaurs (D:5)
  4 bullfrogs
  A gnoll sergeant (D:6)
  A water moccasin skeleton (D:6)
  2 scorpions
  A killer bee (D:8)
  The ghost of Sondor the Slasher, a weakling DsGl (D:3)
  9 wights
  A centaur zombie (D:8)
  3 crimson imps
  2 orc priests (D:2)
  4 hounds
  2 jellies
  A quasit (D:5)
  A bullfrog skeleton (D:6)
  9 orc wizards
  5 iguanas
  Natasha (thrice) (D:4)
  3 worker ants
  A hound skeleton (D:7)
  A howler monkey zombie (D:5)
  A worker ant zombie (D:6)
  9 adders
  20 gnolls
  2 hound simulacra (D:3)
  2 shadow imps
  A howler monkey simulacrum (D:3)
  A worker ant simulacrum (D:3)
  3 oozes
  5 worms
  A dart slug (D:1)
  An adder simulacrum (D:3)
  A leopard gecko (D:5)
  30 orcs
  7 bats
  6 giant cockroaches
  A hobgoblin (D:1)
  6 quokkas
  2 ball pythons (D:1)
  3 frilled lizards
  8 goblins
  A jackal skeleton (D:3)
  8 kobolds
  6 rats
203 creatures vanquished.

Vanquished Creatures (others)
  A killer bee (D:8)
1 creature vanquished.

Grand Total: 204 creatures vanquished

Notes
Turn   | Place    | Note
-------+----------+-------------------------------------------
     0 | Abyss:1  | Gargoyl the Centaur Abyssal Knight began the quest for the
                  | Orb.
     0 | Abyss:1  | Reached XP level 1. HP: 19/19 MP: 2/2
    35 | Abyss:1  | Noticed a ynoxinul
    36 | D:1      | Escaped the Abyss
   205 | D:1      | Reached XP level 2. HP: 26/26 MP: 3/3
   475 | D:1      | Reached * piety under Lugonu
   475 | D:1      | Reached skill level 2 in Axes
   790 | D:2      | Reached XP level 3. HP: 16/31 MP: 4/4
  1153 | D:2      | Reached skill level 1 in Dodging
  1340 | D:3      | Reached XP level 4. HP: 24/39 MP: 5/5
  1555 | D:3      | Found a runed translucent gate.
  1573 | D:3      | Found a runed translucent gate.
  1573 | D:3      | Found a runed translucent gate.
  1752 | D:3      | Noticed Sondor's ghost (weakling DsGl)
  2185 | D:3      | Reached ** piety under Lugonu
  2218 | D:3      | Reached XP level 5. HP: 45/46 MP: 7/7
  2377 | D:2      | Reached skill level 3 in Axes
  2494 | D:2      | Reached XP level 6. HP: 41/52 MP: 8/8
  3541 | D:3      | Killed Sondor's ghost
  3716 | D:4      | Reached skill level 4 in Axes
  3850 | D:4      | Reached XP level 7. HP: 59/59 MP: 9/9
  3978 | D:4      | Noticed Natasha
  3987 | D:4      | Reached *** piety under Lugonu
  3988 | D:4      | Killed Natasha
  4496 | D:4      | Noticed Natasha
  4503 | D:4      | Killed Natasha
  4551 | D:4      | Noticed Natasha
  4809 | D:4      | Killed Natasha
  4969 | D:5      | Entered Level 5 of the Dungeon
  4978 | D:5      | Found Qyess's Food Shoppe.
  5119 | D:5      | Reached XP level 8. HP: 60/67 MP: 11/11
  5182 | D:5      | Reached skill level 5 in Axes
  5540 | D:5      | Reached skill level 1 in Throwing
  5677 | D:5      | Reached skill level 5 in Invocations
  6154 | D:6      | Reached **** piety under Lugonu
  6175 | D:6      | Reached skill level 6 in Axes
  6488 | D:6      | Reached XP level 9. HP: 59/73 MP: 13/13
  6603 | D:6      | Reached skill level 5 in Fighting
  7289 | D:6      | Reached skill level 5 in Armour
  7512 | D:6      | Found a hide-covered altar of Uskayaw.
  7862 | D:7      | Reached skill level 7 in Axes
  8335 | D:7      | Found a staircase to the Ecumenical Temple.
  8959 | D:8      | Reached XP level 10. HP: 83/83 MP: 14/14
  8994 | D:8      | Reached ***** piety under Lugonu
  9563 | D:8      | Noticed a red ugly thing
  9858 | D:8      | Banished a red ugly thing
  9883 | D:8      | Noticed a centaur warrior
 10134 | D:8      | HP: 3/83 [centaur warrior (2)]
 10136 | D:8      | Slain by a centaur warrior

Skill      XL: |  1  2  3  4  5  6  7  8  9 10 |
---------------+-------------------------------+-----
Axes           | 2 3 4 6 7 |  7.8
Armour         | 2 3 4 5 |  5.9
Dodging        | 1 2 3 4 |  4.3
Invocations    | 3 4 5 6 |  6.7
Fighting       | 4 5 |  5.9
Throwing       | 2 3 |  3.0
Shields        | |  0.4

Action                   |  1- 3 |  4- 6 |  7- 9 | 10-12 || total
-------------------------+-------+-------+-------+-------++-------
Melee: Hand axe          |    68 |    24 |       |       ||    92
       Kick              |    15 |    28 |    64 |     9 ||   116
       War axe           |       |   109 |   256 |    81 ||   446
Throw: Tomahawk          |       |     8 |    34 |       ||    42
Invok: Depart the Abyss  |     1 |       |       |       ||     1
       Banish            |       |       |       |     2 ||     2
Evoke: Wand              |       |       |     1 |       ||     1
  Use: Scroll            |     4 |     2 |     5 |     2 ||    13
       Potion            |     2 |     1 |     3 |     2 ||     8
  Eat: Chunk             |     1 |     5 |    15 |     3 ||    24
       Ration            |       |       |       |     1 ||     1
Armor: Leather armour    |    29 |    16 |       |       ||    45
       Ring mail         |       |    65 |   111 |    59 ||   235
Dodge: Dodged            |    34 |    66 |   116 |    79 ||   295
Block: Buckler           |       |       |     4 |    15 ||    19
